 Dungeon Crawl Stone Soup version 0.24-a0-779-g36f0aeb843 (webtiles) character file.

Game seed: 13839649793300838660, levelgen mode: deterministic

116237 GordonOverkill the Destroyer (level 16, -1/125 HPs)
             Began as a Demonspawn Fire Elementalist on Oct 8, 2019.
             Was a High Priest of Sif Muna.
             Slain by a tyrant leech (22 damage)
             ... called by a spriggan druid
             ... on level 2 of the Swamp.
             The game lasted 01:52:46 (38703 turns).

GordonOverkill the Destroyer (DsFE)                Turns: 38703, Time: 01:52:46

Health: -1/125     AC: 15    Str: 14    XL:     16   Next: 20%
Magic:  19/65      EV: 16    Int: 23    God:    Sif Muna [*****.]
Gold:   1308       SH:  5    Dex: 15    Spells: 15/39 levels left

rFire    + . .     SeeInvis +   i - staff of power
rCold    . . .     Gourm    .   a - +0 buckler
rNeg     . . .     Faith    .   h - +2 robe {MR+}
rPois    .         Spirit   .   T - +2 helmet {Int+3}
rElec    +         Reflect  .   r - +0 cloak
rCorr    +         Harm     .   I - +2 pair of gloves of Huakut {rCorr MP+9 Int-5 SInv}
MR       ++...                  (boots unavailable)
Stlth    ++........             M - amulet of regeneration
HPRegen  0.70/turn              P - ring of magical power
MPRegen  0.39/turn              S - ring "Qujidamp" {Fire Int+3}

@: mighty, very slightly contaminated
A: talons 3, thin metallic scales 3, cold resistance 1, powered by pain 1
a: Channel Magic, Forget Spell, Divine Exegesis, Renounce Religion


You were on level 2 of the Swamp.
You worshipped Sif Muna.
Sif Muna was extremely pleased with you.
You were not hungry.

You visited 5 branches of the dungeon, and saw 26 of its levels.
You visited 1 bazaar.

You collected 1920 gold pieces.
You spent 612 gold pieces at shops.

Inventory:

Hand Weapons
 k - a +9 demon trident of flaming
Missiles
 g - 609 stones (quivered)
 J - 35 boomerangs
Armour
 a - a +0 buckler (worn)
 h - a +2 robe of magic resistance (worn)
 r - a +0 cloak (worn)
 I - the +2 pair of gloves of Huakut (worn) {rCorr MP+9 Int-5 SInv}
   (You found it on level 7 of the Dungeon)

   It affects your intelligence (-5).
   It affects your magic capacity (+9).
   It lets you see invisible.
   It provides partial protection from all sources of acid and corrosion.
 L - the +0 large shield of Othretwino {rF+ MR+ MP+9 Dex-5}
   (You found it on level 6 of the Lair of Beasts)

   It affects your dexterity (-5).
   It protects you from fire.
   It affects your resistance to hostile enchantments.
   It affects your magic capacity (+9).
 T - a +2 helmet of intelligence (worn)
Magical Staves
 i - an uncursed staff of power (weapon)
 W - an uncursed staff of energy
Jewellery
 q - an uncursed ring of protection from cold
 E - an uncursed ring of protection from fire
 M - an amulet of regeneration (around neck)
 N - a +4 ring of strength
 P - a ring of magical power (left hand)
 S - the ring "Qujidamp" (right hand) {Fire Int+3}
   (You bought it in a shop on level 13 of the Dungeon)

   [ring of fire]

   It enhances your fire magic.
   It affects your intelligence (+3).
   It protects you from fire.
   It makes you vulnerable to cold.
 Z - a +4 ring of intelligence
Wands
 c - a wand of disintegration (12)
 l - a wand of iceblast (12)
 m - a wand of acid (32)
 A - a wand of random effects (7)
 H - a wand of flame (35)
 Q - a wand of paralysis (33)
Scrolls
 e - 11 scrolls of teleportation
 o - 3 scrolls of fog
 p - a scroll of immolation
 u - 4 scrolls of remove curse
 v - 4 scrolls of magic mapping
 x - 4 scrolls of blinking
 y - 2 scrolls of enchant weapon
 C - a scroll of fear
 G - 4 scrolls of silence
 Y - 2 scrolls of amnesia
Potions
 d - 3 potions of flight
 f - 12 potions of curing
 n - 2 potions of haste {unknown}
 s - a potion of ambrosia
 t - 6 potions of lignification
 w - 5 potions of mutation
 z - 2 potions of invisibility
 B - a potion of might
 D - a potion of agility
 F - a potion of brilliance
 K - 3 potions of resistance
 O - 2 potions of heal wounds
 U - a potion of berserk rage {unknown}
 V - a potion of cancellation {unknown}
Miscellaneous
 j - a box of beasts
 X - a phial of floods
Comestibles
 b - 27 rations


   Skills:
 - Level 11.0 Fighting
 - Level 7.0 Dodging
 - Level 2.0 Stealth
 + Level 3.7 Shields
 - Level 12.0 Spellcasting
 - Level 14.0 Conjurations
 - Level 13.0 Fire Magic
 + Level 8.7 Earth Magic
 + Level 7.8 Invocations
 - Level 4.0 Evocations


You had 15 spell levels left.
You knew the following spells:

 Your Spells              Type           Power        Failure   Level  Hunger
a - Flame Tongue          Conj/Fire      #####        1%          1    None
b - Conjure Flame         Conj/Fire      #######.     1%          3    None
c - Sticky Flame          Conj/Fire      #######.     1%          4    None
d - Fireball              Conj/Fire      #######...   1%          5    ####...
e - Iron Shot             Conj/Erth      ######....   7%          6    #####..
f - Bolt of Magma         Conj/Fire/Erth #######...   1%          5    ####...

Your spell library contained the following spells:

 Spells                   Type           Power        Failure   Level  Hunger
 Shock                    Conj/Air       ####         1%          1    None
 Sting                    Conj/Pois      ####         1%          1    None
 Throw Flame              Conj/Fire      ######       1%          2    None
 Dazzling Spray           Conj/Hex       #####.       1%          3    None
 Inner Flame              Hex/Fire       ######..     1%          3    None
 Mephitic Cloud           Conj/Pois/Air  #####...     1%          3    None
 Stone Arrow              Conj/Erth      ######       1%          3    None
 Iskenderun's Mystic Bla  Conj           ######..     1%          4    None
 Fulminant Prism          Conj/Hex       #####.....   2%          4    None
 Throw Icicle             Conj/Ice       #####...     2%          4    None
 Bolt of Fire             Conj/Fire      #######...   2%          6    #####..
 Lee's Rapid Deconstruct  Erth           ######....   3%          5    ####...
 Animate Skeleton         Necr           N/A          4%          1    None
 Apportation              Tloc           ##....       4%          1    None
 Beastly Appendage        Tmut           ##....       4%          1    None
 Confusing Touch          Hex            ##....       4%          1    None
 Corona                   Hex            ##.....      4%          1    None
 Summon Small Mammal      Summ           ##..         4%          1    None
 Ensorcelled Hibernation  Hex/Ice        ##....       7%          2    None
 Poisonous Vapours        Pois/Air       ##....       7%          2    None
 Sticks to Snakes         Tmut           ##......     7%          2    None
 Irradiate                Conj/Tmut      #####.....   7%          5    ####...
 Lightning Bolt           Conj/Air       #####.....   7%          5    ####...
 Venom Bolt               Conj/Pois      #####.....   7%          5    ####...
 Leda's Liquefaction      Hex/Erth       ####......   8%          4    None
 Confuse                  Hex            ##......     14%         3    None
 Spider Form              Tmut/Pois      ##........   14%         3    None
 Summon Guardian Golem    Hex/Summ       ##......     14%         3    None
 Tukima's Dance           Hex            ##......     14%         3    None
 Conjure Ball Lightning   Conj/Air       #####.....   36%         6    #####..
 Ice Form                 Ice/Tmut       ##......     41%         4    None
 Olgreb's Toxic Radiance  Pois           ##......     41%         4    None
 Freezing Cloud           Conj/Ice/Air   #####.....   71%         6    #####..
 Statue Form              Tmut/Erth      ####.....    75%         6    #####..
 Aura of Abjuration       Summ           ##........   77%         5    ####...
 Blade Hands              Tmut           ##........   77%         5    ####...
 Metabolic Englaciation   Hex/Ice        ##........   77%         5    ####...
 Yara's Violent Unravell  Hex/Tmut       ##........   77%         5    ####...
 Lehudib's Crystal Spear  Conj/Erth      ######....   96%         8    #######
 Summon Greater Demon     Summ           ##........   100%        7    #######
 Shatter                  Erth           ######....   100%        9    #######


Dungeon Overview and Level Annotations

Branches:
Dungeon (15/15)            Temple (1/1) D:6            Lair (6/6) D:11
  Swamp (2/4) Lair:3       Spider (0/4) Lair:3        Slime (0/5) Lair:6
    Orc (2/2) D:12            Elf (0/3) Orc:2        Vaults (0/5) D:14
 Depths (0/5) D:15

Altars:
Ashenzari
Cheibriados
Dithmenos
Elyvilon
Fedhas
Gozag
Hepliaklqana
Kikubaaqudgha
Makhleb
Nemelex Xobeh
Okawaru
Qazlal
Ru
Sif Muna
Trog
Uskayaw
Vehumet
Wu Jian
Xom
Yredelemnul
Zin
The Shining One
Beogh

Shops:
D:9 :   D:11 (   D:13 **   Orc:2 [*?%

Annotations:
D:2 Sigmund
D:9 1 runed translucent door, Hissyw Olisu's ghost, novice DESk


Innate Abilities, Weirdness & Mutations

You have claws for feet.
You are completely covered in thin metallic scales. (AC +4, rElec)
Your flesh is cold resistant. (rC+)
You sometimes gain a little power by taking damage.


Message History

Aiming: Flame Tongue (safe; 1% risk of failure)
Press: ? - help, Shift-Dir - straight line, f - tyrant leech
Aim: a tyrant leech You feel a surge of power!
You enter the shallow water.
Moving in this stuff is going to be slow.
The tyrant leech is engulfed in a cloud of scalding steam. x2
The shadow slips into darkness.
The shadow flickers and vanishes for a moment.
The tyrant leech bites you!!
* * * LOW HITPOINT WARNING * * *
You focus on the pain.
You feel mightier all of a sudden.
The tyrant leech draws strength from your injuries!
Roots burst forth from the earth!
The grasping roots grab you!
* * * LOW HITPOINT WARNING * * *
The grasping roots constrict you.
You escape the roots' grasp.
The tyrant leech bites you!!
You die...

♣.. ♣.♣.... ♣♣ .......♣♣
♣♣...♣. .≈ ♣
♣.♣.≈§..♣♣♣..≈≈≈ ♣≈. ♣♣
♣..>≈.≈≈...≈.≈.♣ ♣≈. ♣≈
♣≈≈≈.≈≈≈.≈.≈.≈.♣.. ♣♣..♣♣≈
♣§≈≈..≈≈.≈≈≈.≈§♣♣..♣♣.≈.♣≈.
♣.≈≈≈≈≈≈≈.≈≈≈≈≈♣♣..≈..≈.≈≈.
♣..≈≈....≈≈≈♣≈..♣≈♣≈♣.≈≈≈≈≈
♣.≈...<.[@w≈...♣.≈≈≈.≈♣≈.♣
♣.≈.♣...≈≈♣≈...♣...≈.§≈..♣
♣.≈≈≈...≈≈≈.W♣...≈≈..♣.≈♣♣
≈≈≈♣♣♣.≈♣≈.≈♣..♣♣≈.♣♣.≈♣♣
♣..♣ ♣.≈≈."f≈.§≈≈≈♣♣.♣..♣
♣.< ♣.≈..≈≈≈≈.♣≈.♣♣♣...♣ ♣.
♣...≈≈..≈≈.≈≈♣ ♣.≈.♣ .
♣.....≈≈.≈≈♣.♣.♣♣.≈≈♣
♣.♣≈♣..≈≈.≈≈♣....♣.♣.♣


You could see a shambling mangrove, a tyrant leech and a shadow (invisible).

Vanquished Creatures
  Rupert (D:14)
  Roxanne (D:14)
  A fire giant (D:15)
  A frost giant (D:15)
  A very ugly thing (Swamp:2)
  Nessos (Lair:6)
  Azrael (D:14)
  A dire elephant (D:15)
  An ettin (shapeshifter) (D:15)
  An ogre mage (D:14)
  Fannar (Lair:3)
  4 vault guards (D:14)
  8 hydras
  A ghost crab (Swamp:2)
  3 catoblepae (Lair:6)
  Erica (D:9)
  2 two-headed ogres
  2 centaur warriors (D:14)
  9 death yaks
  3 alligators
  A deep troll earth mage (D:15)
  Urug (Lair:3)
  4 orc high priests
  2 deep elf knights (D:14)
  2 spriggan druids (Swamp:2)
  4 skeletal warriors (D:14)
  4 unseen horrors
  8 orc knights
  Pikel (D:4)
  4 swamp dragons
  6 orc sorcerers
  3 manticores
  4 cyclopes
  2 black mambas
  9 ugly things
  7 elephants
  2 gargoyles
  13 spiny frogs
  3 rime drakes
  2 kobold demonologists (D:14)
  7 komodo dragons
  A tengu conjurer (D:14)
  3 meliai (D:15)
  7 tyrant leeches
  4 trolls
  6 polar bears
  4 hornets
  2 bog bodies
  2 slime creatures (D:15)
  14 blink frogs
  7 dream sheep
  15 hippogriffs
  2 shadows
  6 wyverns
  3 fire elementals (D:14)
  46 yaks
  2 spriggans (Swamp:1)
  A wyvern (shapeshifter) (D:14)
  4 hogs
  A hog (shapeshifter) (D:15)
  2 humans
  3 hungry ghosts
  12 vampire mosquitoes
  3 basilisks
  7 wargs (Orc:1)
  Menkaure (D:6)
  5 swamp worms
  6 porcupines
  15 water moccasins
  2 acid dragons
  A hell hound (D:14)
  24 orc warriors
  An eye of draining (D:9)
  3 ice beasts
  A sky beast (D:5)
  3 swamp drakes (Swamp:1)
  7 black bears
  13 ogres
  2 necrophages
  3 phantoms
  11 centaurs
  15 wolves
  11 crocodiles
  4 big kobolds
  16 bullfrogs
  2 water moccasin zombies
  A wyvern skeleton (D:11)
  8 scorpions
  12 killer bees
  10 wights
  2 howler monkeys (D:9)
  5 crimson imps
  A bullfrog zombie (D:12)
  3 quasits
  5 centaur zombies
  19 orc priests
  6 centaur skeletons
  5 jellies
  7 hounds
  3 bullfrog skeletons
  5 iguanas
  Terence (D:2)
  Natasha (thrice) (D:4)
  24 orc wizards
  12 worker ants
  A worker ant zombie (D:6)
  Robin (D:2)
  9 adders
  7 gnolls (D:3)
  4 shadow imps
  4 oozes
  2 worms
  A dart slug (D:4)
  7 leopard geckos
  82 orcs
  5 giant cockroaches
  12 hobgoblins
  14 jackals
  7 quokkas
  A ball python (D:4)
  8 bats
  10 frilled lizards
  16 goblins
  A jackal skeleton (D:7)
  22 kobolds
  14 rats
  A fungus (Lair:2)
  A plant (Lair:4)
798 creatures vanquished.

Vanquished Creatures (others)
  A storm dragon simulacrum (D:14)
  An orc wizard (Orc:2)
  15 fungi
  17 plants
34 creatures vanquished.

Grand Total: 832 creatures vanquished

Notes
Turn   | Place    | Note
-------+----------+-------------------------------------------
     0 | D:1      | GordonOverkill the Demonspawn Fire Elementalist began the
                  | quest for the Orb.
     0 | D:1      | Reached XP level 1. HP: 13/13 MP: 3/3
   485 | D:1      | Gained mutation: You have sharp toenails. [demonic
                  | ancestry]
   485 | D:1      | Reached XP level 2. HP: 16/19 MP: 0/5
  1330 | D:2      | Reached XP level 3. HP: 24/24 MP: 3/6
  1422 | D:2      | Noticed Terence
  1429 | D:2      | Learned a level 3 spell: Conjure Flame
  1444 | D:2      | Noticed Sigmund
  1875 | D:2      | Noticed Robin
  1887 | D:2      | Killed Robin
  1887 | D:2      | Reached skill level 2 in Conjurations
  2298 | D:2      | Gained mutation: You are partially covered in thin metallic
                  | scales. (AC +2) [demonic ancestry]
  2298 | D:2      | Reached XP level 4. HP: 25/30 MP: 1/8
  2678 | D:1      | Learned a level 4 spell: Sticky Flame
  2682 | D:2      | Killed Terence
  3096 | D:3      | Found an ancient bone altar of Kikubaaqudgha.
  3292 | D:3      | Found a shadowy altar of Dithmenos.
  3329 | D:3      | Gained mutation: You are mostly covered in thin metallic
                  | scales. (AC +3) [demonic ancestry]
  3329 | D:3      | Reached XP level 5. HP: 32/35 MP: 6/9
  3489 | D:3      | Reached skill level 3 in Conjurations
  3899 | D:3      | Found a blossoming altar of Fedhas.
  4417 | D:4      | Found a sacrificial altar of Ru.
  4698 | D:4      | Reached XP level 6. HP: 41/41 MP: 8/11
  4737 | D:4      | Reached skill level 4 in Conjurations
  4790 | D:4      | Noticed Natasha
  4796 | D:4      | Killed Natasha
  4870 | D:4      | Noticed a slave
  4873 | D:4      | Noticed Pikel
  4876 | D:4      | Noticed a slave
  4881 | D:4      | Noticed a slave
  4884 | D:4      | Noticed a slave
  4915 | D:4      | Killed Pikel
  4915 | D:4      | Reached skill level 5 in Spellcasting
  4915 | D:4      | Reached skill level 5 in Conjurations
  4915 | D:4      | Reached XP level 7. HP: 51/51 MP: 0/14
  5138 | D:4      | Noticed Natasha
  5148 | D:4      | Killed Natasha
  5206 | D:4      | Noticed Natasha
  5209 | D:4      | Killed Natasha
  5687 | D:5      | Entered Level 5 of the Dungeon
  5934 | D:4      | Gained mutation: Your flesh is cold resistant. (rC+)
                  | [demonic ancestry]
  5934 | D:4      | Reached XP level 8. HP: 38/58 MP: 9/15
  6120 | D:5      | Found a snail-covered altar of Cheibriados.
  6213 | D:5      | Found a snail-covered altar of Cheibriados.
  7058 | D:5      | Reached skill level 6 in Conjurations
  7277 | D:6      | Reached skill level 5 in Fire Magic
  7456 | D:6      | Noticed Menkaure
  7464 | D:6      | Killed Menkaure
  7464 | D:6      | Reached skill level 7 in Conjurations
  7637 | D:6      | Found a staircase to the Ecumenical Temple.
  7664 | Temple   | Entered the Ecumenical Temple
  7722 | Temple   | Became a worshipper of Sif Muna the Loreminder
  7925 | D:6      | Reached skill level 1 in Invocations
  7925 | D:6      | Gained mutation: You sometimes gain a little power by
                  | taking damage. [demonic ancestry]
  7925 | D:6      | Reached XP level 9. HP: 65/65 MP: 18/18
  8089 | D:6      | Found a sparkling altar of Nemelex Xobeh.
  8753 | D:7      | Reached skill level 5 in Fighting
  8852 | D:7      | Reached skill level 8 in Conjurations
  8861 | D:7      | Reached * piety under Sif Muna
  8861 | D:7      | Reached skill level 5 in Invocations
  9175 | D:7      | Noticed an angel
  9176 | D:7      | Found a glowing silver altar of Zin.
  9598 | D:7      | Identified the cursed +0 buckler "Ige Nuosch" {-Cast Int+6
                  | Dex+4}
  9690 | D:7      | Gained mutation: You are completely covered in thin
                  | metallic scales. (AC +4, rElec) [demonic ancestry]
  9690 | D:7      | Reached XP level 10. HP: 72/74 MP: 2/20
  9783 | D:7      | Reached ** piety under Sif Muna
 10194 | D:7      | Got a pair of transparent gloves
 10205 | D:7      | Identified the +2 pair of gloves of Huakut {rCorr MP+9
                  | Int-5 SInv} (You found it on level 7 of the Dungeon)
 10652 | D:7      | Gained mutation: You have razor-sharp toenails. [demonic
                  | ancestry]
 10652 | D:7      | Reached XP level 11. HP: 79/79 MP: 21/21
 10735 | D:8      | Learned a level 5 spell: Fireball
 10860 | D:8      | Noticed a two-headed ogre
 10871 | D:8      | Killed a two-headed ogre
 12917 | D:9      | Found a stormy altar of Qazlal.
 12931 | D:9      | Found a shimmering altar of Xom.
 12947 | D:9      | Reached *** piety under Sif Muna
 13021 | D:9      | Found a blossoming altar of Fedhas.
 13035 | D:9      | Found a radiant altar of Vehumet.
 13157 | D:9      | Noticed Erica
 13166 | D:9      | Killed Erica
 13331 | D:9      | Found a runed translucent door.
 13332 | D:9      | Found a shimmering altar of Xom.
 13332 | D:9      | Noticed a +0 mace of chaos
 13332 | D:9      | Noticed Hissyw Olisu's ghost (novice DESk)
 13373 | D:9      | Found Toec Qyo's Book Shoppe.
 14230 | D:10     | Entered Level 10 of the Dungeon
 14375 | D:10     | Found a huge runed translucent gate.
 14375 | D:10     | Found a huge runed translucent gate.
 14802 | D:10     | Found a huge runed translucent gate.
 14803 | D:10     | Found a huge runed translucent gate.
 14805 | D:10     | Noticed a death yak
 14996 | D:10     | Got a smoking robe
 15007 | D:10     | Identified the cursed +0 robe of Midsummer {rC+} (You found
                  | it on level 10 of the Dungeon)
 15079 | D:10     | Killed a death yak
 15079 | D:10     | Reached **** piety under Sif Muna
 15104 | D:10     | Reached XP level 12. HP: 54/89 MP: 1/22
 15758 | D:11     | Found Voyptuv's Weapon Emporium.
 16527 | D:11     | Found a staircase to the Lair.
 16671 | D:12     | Reached ***** piety under Sif Muna
 16672 | D:12     | Noticed a two-headed ogre
 17104 | D:12     | Identified Sif Muna's Handbook of Enchantment (Sif Muna
                  | gifted it to you on level 12 of the Dungeon)
 17104 | D:12     | Received a gift from Sif Muna
 17109 | D:12     | Found a staircase to the Orcish Mines.
 17220 | D:12     | Found a flickering gateway to a bazaar.
 17243 | Bazaar   | Entered a bazaar
 17444 | Bazaar   | Found Quavob's Antique Weapon Emporium.
 17462 | Bazaar   | Found Loihaulo's Book Emporium.
 17511 | Bazaar   | Found Tyredo's Antique Weapon Emporium.
 17569 | Bazaar   | Bought a twisted flail for 93 gold pieces
 17569 | Bazaar   | Identified the cursed +3 flail of Righteous Fury {vamp,
                  | Int+3 Dex+3} (You bought it in a shop in a bazaar)
 18033 | D:12     | Found a stormy altar of Qazlal.
 18421 | D:13     | Reached skill level 5 in Dodging
 18787 | D:13     | Found Qeach's Assorted Antiques.
 18793 | D:13     | Reached skill level 1 in Evocations
 18871 | D:13     | Bought a translucent bronze ring for 170 gold pieces
 18871 | D:13     | Bought a shiny helmet for 255 gold pieces
 18871 | D:13     | Bought a glowing coppery potion for 30 gold pieces
 18871 | D:13     | Bought a scroll labeled UDWUSH LEODAY for 34 gold pieces
 18871 | D:13     | Bought a purple potion for 30 gold pieces
 18872 | D:13     | Identified the ring "Qujidamp" {Fire Int+3} (You bought it
                  | in a shop on level 13 of the Dungeon)
 19018 | D:13     | Found Ycous's Assorted Antiques.
 20296 | D:14     | Killed a two-headed ogre
 20296 | D:14     | Reached XP level 13. HP: 68/98 MP: 18/26
 20511 | D:14     | Reached skill level 10 in Spellcasting
 22358 | D:14     | Noticed Rupert
 22372 | D:14     | Killed Rupert
 22372 | D:14     | Reached skill level 9 in Conjurations
 22532 | D:14     | Noticed Azrael
 22716 | Lair:1   | Entered Level 1 of the Lair of Beasts
 24110 | Lair:2   | Reached skill level 10 in Conjurations
 24502 | Lair:2   | Identified Sif Muna's Catalogue of Enthralling Clay (Sif
                  | Muna gifted it to you on level 2 of the Lair of Beasts)
 24502 | Lair:2   | Received a gift from Sif Muna
 25112 | Lair:3   | Noticed Urug
 25557 | Lair:3   | Killed Urug
 25928 | Lair:3   | Reached skill level 11 in Conjurations
 25928 | Lair:3   | Noticed Fannar
 26234 | Lair:3   | Killed Fannar
 26234 | Lair:3   | Reached XP level 14. HP: 98/108 MP: 29/29
 26465 | Lair:3   | Found a staircase to the Swamp.
 26855 | Lair:3   | Found a hole to the Spider Nest.
 27915 | Lair:4   | Got a transparent falchion
 27918 | Lair:4   | Identified the +7 falchion of War {elec, *Drain +Blink
                  | rElec Stlth+} (You found it on level 4 of the Lair of
                  | Beasts)
 28307 | Lair:5   | Reached skill level 10 in Fighting
 28553 | Lair:5   | Identified Sif Muna's Incunabulum of Creation and Earth
                  | (Sif Muna gifted it to you on level 5 of the Lair of
                  | Beasts)
 28553 | Lair:5   | Received a gift from Sif Muna
 29021 | Lair:6   | Entered Level 6 of the Lair of Beasts
 29106 | Lair:6   | Noticed Nessos
 29130 | Lair:6   | Killed Nessos
 29646 | Lair:6   | Found a staircase to the Slime Pits.
 30745 | Lair:6   | Reached skill level 12 in Conjurations
 31088 | Lair:6   | Got a smoking large shield
 31094 | Lair:6   | Identified the cursed +0 large shield of Othretwino {rF+
                  | MR+ MP+9 Dex-5} (You found it on level 6 of the Lair of
                  | Beasts)
 31410 | D:14     | Found a shadowy altar of Dithmenos.
 31499 | D:14     | Learned a level 3 spell: Stone Arrow
 31551 | D:14     | Gained mutation: You have claws for feet. [demonic
                  | ancestry]
 31551 | D:14     | Reached XP level 15. HP: 118/118 MP: 31/31
 31592 | D:14     | Killed Azrael
 31981 | D:14     | Paralysed by an ogre mage for 2 turns
 32057 | D:14     | Reached skill level 13 in Conjurations
 32130 | D:14     | Found a gate to the Vaults.
 32147 | D:14     | Identified Sif Muna's Compendium of Battle Magic (Sif Muna
                  | gifted it to you on level 14 of the Dungeon)
 32147 | D:14     | Received a gift from Sif Muna
 32304 | D:14     | Learned a level 5 spell: Bolt of Magma
 32532 | D:14     | Noticed Roxanne
 32757 | D:14     | Killed Roxanne
 32789 | D:14     | Learned a level 6 spell: Iron Shot
 32927 | D:14     | Found an ornate altar of the Wu Jian Council.
 33192 | D:15     | Entered Level 15 of the Dungeon
 33287 | D:15     | Reached skill level 1 in Earth Magic
 33601 | D:15     | Noticed a fire giant
 33601 | D:15     | Noticed a frost giant
 33603 | D:15     | Found a runed translucent door.
 34008 | D:15     | Found a staircase to the Depths.
 34113 | D:15     | Reached skill level 14 in Conjurations
 34437 | D:15     | Killed a frost giant
 34444 | D:15     | Killed a fire giant
 34761 | Orc:1    | Entered Level 1 of the Orcish Mines
 34946 | Orc:1    | Reached skill level 5 in Earth Magic
 35006 | Orc:1    | Identified Exuv's Papyrus of Conjuration (Sif Muna gifted
                  | it to you on level 1 of the Orcish Mines)
 35006 | Orc:1    | Received a gift from Sif Muna
 35420 | Orc:2    | Entered Level 2 of the Orcish Mines
 35431 | Orc:2    | Found a roughly hewn altar of Beogh.
 35789 | Orc:2    | Found a staircase to the Elven Halls.
 36441 | Orc:2    | Found Simucvo's Antique Armour Shop.
 36441 | Orc:2    | Found Cuthos's Food Shoppe.
 36445 | Orc:2    | Found Fout's Magic Scroll Shoppe.
 36445 | Orc:2    | Found Nuaqagh's General Store.
 36834 | Swamp:1  | Entered Level 1 of the Swamp
 36947 | Swamp:1  | Reached skill level 1 in Shields
 37655 | Swamp:1  | Reached XP level 16. HP: 106/125 MP: 32/32
 38549 | Swamp:2  | Identified Sif Muna's Papyrus of Conjuration (Sif Muna
                  | gifted it to you on level 2 of the Swamp)
 38549 | Swamp:2  | Received a gift from Sif Muna
 38703 | Swamp:2  | Slain by a tyrant leech

Levels and vault maps discovered:
D:1:      lemuel_arrival_room, layout_basic
D:2:      layout_basic, minivault_24, uniq_terence, uniq_sigmund, uniq_robin
D:3:      layout_rooms, nicolae_dithmenos_shadow_blocks, old_standard_altar,
          minmay_fountain_box, fedhas_altar_1
D:4:      layout_basic, nicolae_ru_great_annihilating_truth, uniq_pikel,
          uniq_natasha
D:5:      layout_gridville, overflow_temple_1_default, first_ration,
          cheibriados_altar_1
D:6:      layout_cave_pools, kennysheep_mini_moat, minmay_temple_entry_arrows,
          uniq_menkaure
D:7:      layout_loops_ring, zin_angel, grunt_livestock, minmay_shattered_shrine
D:8:      minmay_skewed_foursquare, layout_layer_cave, kennysheep_generic_room_3
D:9:      layout_irregular_city, minitemple, grunt_qazlal_sundering,
          ebering_ghost_xom, basic_altar, serial_shops, shop, uniq_erica
D:10:     lemuel_bear_cage, layout_irregular_city, fountainhead
D:11:     layout_rooms, lair_entry_dummy, serial_shops,
          nicolae_shop_competitors_out_of_business, minmay_misc_feat_plants
D:12:     layout_cave_pods, david_orc_2, serial_shops, freezing_bzr, basic_altar
D:13:     layout_roguey, serial_shops, nicolae_shop_waterfront,
          kennysheep_small_square
D:14:     layout_loops_corners, grunt_vaults_entry_fortified, basic_altar,
          gauntlet_entry_generic, lemuel_doored_altar, chequers_jeans,
          uniq_rupert, uniq_azrael, uniq_roxanne
D:15:     hangedman_depths_entry_try_elsewhere_first, layout_loops_corners,
          hangedman_abyss_or_decor_clamps, kennysheep_treasure_room
Temple:   cyrus_circular_temple
Lair:1:   layout_hall_layers, grunt_megastairs_2
Lair:2:   layout_loops_ring
Lair:3:   layout_cave_pods, minmay_swamp_entry_reptiles,
          nicolae_spider_entry_non_spiders, uniq_fannar, uniq_urug
Lair:4:   layout_misc_corridors
Lair:5:   layout_regular_city
Lair:6:   evilmike_catoblepas_cave, layout_gridlike,
          nicolae_slime_entry_slimehenge, chequers_serial_rivers_marsh,
          uniq_nessos
Swamp:1:  layout_falls_marsh, evilmike_swamp_ruin_house_1,
          infiniplex_staircase_pool_2
Swamp:2:  layout_falls_marsh, hangedman_swamp_diagram, infiniplex_staircase_pool
Orc:1:    layout_caves, mines5_lemuel
Orc:2:    grunt_orc_tribal_feast, layout_caves, basic_altar

Skill      XL: |  1  2  3  4  5  6  7  8  9 10 11 12 13 14 15 16 |
---------------+-------------------------------------------------+-----
Stealth        | 2 |  2.0
Dodging        | 2 3 5 7 |  7.0
Fire Magic     | 3 4 5 6 11 12 13 | 13.0
Conjurations   | 2 3 5 7 8 11 12 14 | 14.0
Spellcasting   | 3 5 6 7 9 11 12 | 12.0
Fighting       | 2 3 4 5 6 8 9 11 | 11.0
Invocations    | 1 6 7 |  7.8
Evocations     | 4 |  4.0
Earth Magic    | 8 |  8.7
Shields        | 2 3 |  3.7

Action                   |  1- 3 |  4- 6 |  7- 9 | 10-12 | 13-15 | 16-18 || total
-------------------------+-------+-------+-------+-------+-------+-------++-------
Melee: Whip              |    19 |       |       |       |       |       ||    19
       Kick              |     5 |       |       |       |       |       ||     5
       Dagger            |       |       |       |     2 |   259 |       ||   261
       Flail             |       |       |       |     8 |       |       ||     8
       Staff             |       |       |       |       |    13 |       ||    13
 Fire: Hunting sling     |    60 |   109 |    94 |    43 |       |       ||   306
Throw: Stone             |     9 |       |       |    46 |    95 |       ||   150
 Cast: Flame Tongue      |    63 |    78 |   158 |   469 |   632 |    17 ||  1417
       Sticky Flame      |       |     4 |    44 |   101 |   245 |     5 ||   399
       Conjure Flame     |       |     3 |       |    12 |    29 |       ||    44
       Fireball          |       |       |       |    35 |    79 |     8 ||   122
       Stone Arrow       |       |       |       |       |    53 |       ||    53
       Bolt of Magma     |       |       |       |       |   106 |    27 ||   133
       Iron Shot         |       |       |       |       |     4 |     6 ||    10
Invok: Channel Magic     |       |       |       |     1 |     4 |     1 ||     6
Evoke: Wand              |       |       |       |     6 |    22 |       ||    28
  Use: Scroll            |     3 |     5 |     6 |    11 |    21 |     1 ||    47
       Potion            |       |       |       |     2 |     1 |       ||     3
  Eat: Chunk             |     5 |     9 |    11 |    38 |    52 |     7 ||   122
       Ration            |       |       |     3 |     6 |     8 |     1 ||    18
Armor: Robe              |    16 |     8 |    44 |   127 |   323 |     4 ||   522
Dodge: Dodged            |    41 |    38 |    75 |   228 |   638 |    12 ||  1032
Block: Buckler           |       |       |       |       |       |     1 ||     1

Table legend:
 A = Non-vault XP
 B = Vault XP
 C = Vault XP percentage of total XP
 D = Non-vault monster count
 E = Vault monster count
 F = Vault count percentage of total count
                 A         B        C        D         E       F
            +---------+---------+-------+---------+---------+-------
      Total |  100515 |   59103 |  37.0 |     619 |     177 |  22.2
            +---------+---------+-------+---------+---------+-------
        D:1 |      37 |       0 |   0.0 |      23 |       0 |   0.0
        D:2 |      42 |      72 |  63.2 |      26 |      13 |  33.3
        D:3 |     147 |       0 |   0.0 |      27 |       0 |   0.0
        D:4 |     496 |     692 |  58.2 |      23 |       6 |  20.7
        D:5 |     679 |       0 |   0.0 |      12 |       0 |   0.0
        D:6 |     799 |     165 |  17.1 |      19 |       1 |   5.0
        D:7 |    1249 |    2145 |  63.2 |      42 |      15 |  26.3
        D:8 |    1898 |     274 |  12.6 |      13 |       4 |  23.5
        D:9 |    2183 |     923 |  29.7 |      42 |       1 |   2.3
       D:10 |     917 |    4771 |  83.9 |      17 |      20 |  54.1
       D:11 |    4274 |       0 |   0.0 |      30 |       0 |   0.0
       D:12 |    2072 |     276 |  11.8 |      19 |       7 |  26.9
       D:13 |    6550 |     210 |   3.1 |      34 |       1 |   2.9
       D:14 |   14384 |   15072 |  51.2 |      41 |      17 |  29.3
       D:15 |    5306 |    7433 |  58.3 |      13 |       7 |  35.0
     Lair:1 |    2800 |     560 |  16.7 |      12 |       2 |  14.3
     Lair:2 |    6799 |       0 |   0.0 |      28 |       0 |   0.0
     Lair:3 |    6224 |    2995 |  32.5 |      17 |      14 |  45.2
     Lair:4 |    3457 |       0 |   0.0 |      16 |       0 |   0.0
     Lair:5 |    6368 |     900 |  12.4 |      26 |       1 |   3.7
     Lair:6 |    7594 |   13579 |  64.1 |      30 |      29 |  49.2
    Swamp:1 |    5769 |       0 |   0.0 |      24 |       0 |   0.0
    Swamp:2 |   12783 |       0 |   0.0 |      23 |       0 |   0.0
      Orc:1 |    6577 |    1349 |  17.0 |      47 |      10 |  17.5
      Orc:2 |    1111 |    7687 |  87.4 |      15 |      29 |  65.9
            +---------+---------+-------+---------+---------+-------
